 Dungeon Crawl Stone Soup version 0.24.0-29-g8ce449bc06 (webtiles) character file.

Game seed: 15444010065440916891, levelgen mode: deterministic

3129 FishyPogo the Martial Artist (level 9, -3/68 HPs)
             Began as a Gnoll Transmuter on Nov 15, 2019.
             Was a Believer of Nemelex Xobeh.
             Slain by Joseph
             ... wielding a +0 quarterstaff
              (14 damage)
             ... on level 7 of the Dungeon.
             The game lasted 00:17:28 (4860 turns).

FishyPogo the Martial Artist (Gnoll Transmuter)     Turns: 4860, Time: 00:17:29

Health: -3/68      AC:  2    Str: 15    XL:     9   Next: 92%
Magic:  19/19      EV: 26    Int: 16    God:    Nemelex Xobeh [**....]
Gold:   502        SH:  0    Dex: 21    Spells: 15/21 levels left

rFire    . . .     SeeInvis .     - Unarmed
rCold    . . .     Gourm    .   (shield currently unavailable)
rNeg     . . .     Faith    .   (armour currently unavailable)
rPois    x         Spirit   .   (helmet currently unavailable)
rElec    .         Reflect  .   (cloak currently unavailable)
rCorr    .         Harm     .   (gloves currently unavailable)
MR       .....                  (boots currently unavailable)
Stlth    +++.......             x - amulet of magic regeneration
HPRegen  0.21/turn              (no ring)
MPRegen  0.41/turn              (no ring)

@: spider-form
A: tiny, distributed training, MP-powered wands, strong nose
a: End Transformation, Draw Escape, Draw Destruction, Draw Summoning, Renounce
Religion


You were on level 7 of the Dungeon.
You worshipped Nemelex Xobeh.
Nemelex Xobeh was pleased with you.
You were not hungry.
You were a venomous arachnid creature.
You visited 1 branch of the dungeon, and saw 7 of its levels.
You also visited: Sewer.

You collected 502 gold pieces.

Inventory:

Hand Weapons
 a - a +2 trident of protection
 b - a +3 quarterstaff of chaos (melded)
 J - a +1 falchion of holy wrath
Missiles
 k - 100 stones
 q - 5 boomerangs (quivered)
 y - 103 arrows
 K - 5 silver boomerangs
Armour
 l - a +2 robe of positive energy
 s - a +2 cloak of poison resistance (melded)
 u - a cursed +0 leather armour (melded)
 E - a +1 pair of gloves (melded)
 F - a +2 robe of magic resistance
 L - a +3 leather armour
Magical Staves
 I - an uncursed staff of air
Jewellery
 x - an amulet of magic regeneration (around neck)
Wands
 m - a wand of flame (13)
 t - a wand of digging (6)
Scrolls
 f - 6 scrolls of identify
 j - 5 scrolls of remove curse
 o - 2 scrolls of enchant armour
 v - 2 scrolls of magic mapping {unknown}
 A - a scroll of fear
 B - a scroll of fog {unknown}
 C - a scroll of amnesia {unknown}
 G - 2 scrolls of teleportation {unknown}
Potions
 c - 2 potions of might
 e - 4 potions of curing
 g - a potion of lignification
 h - 6 potions of flight
 i - 3 potions of cancellation
 n - a potion of haste
 p - a potion of brilliance {unknown}
 r - a potion of mutation
 w - a potion of agility {unknown}
 z - a potion of heal wounds {unknown}
 H - a potion of degeneration {unknown}
Comestibles
 d - 9 rations


   Skills:
 + Level 5.3 Fighting
 + Level 4.6 Short Blades
 + Level 4.6 Long Blades
 + Level 4.6 Axes
 + Level 4.6 Maces & Flails
 + Level 4.6 Polearms
 + Level 4.6 Staves
 + Level 4.6 Slings
 + Level 4.6 Bows
 + Level 4.6 Crossbows
 + Level 4.6 Throwing
 + Level 4.6 Armour
 + Level 6.6 Dodging
 + Level 4.6 Stealth
 + Level 4.6 Shields
 + Level 8.1 Unarmed Combat
 + Level 6.9 Spellcasting
 + Level 3.8 Conjurations
 + Level 3.8 Hexes
 + Level 3.8 Charms
 + Level 3.8 Summonings
 + Level 3.8 Necromancy
 + Level 3.8 Translocations
 + Level 5.4 Transmutations
 + Level 3.8 Fire Magic
 + Level 3.8 Ice Magic
 + Level 3.8 Air Magic
 + Level 3.8 Earth Magic
 + Level 3.8 Poison Magic
 + Level 5.1 Invocations
 + Level 4.6 Evocations


You had 15 spell levels left.
You knew the following spells:

 Your Spells              Type           Power        Failure   Level  Hunger
h - Sticks to Snakes      Tmut           ###.....     8%          2    None
u - Spider Form           Tmut/Pois      ###.......   16%         3    ##.....
y - Beastly Appendage     Tmut           ###...       6%          1    None

Your spell library contained the following spells:

 Spells                   Type           Power        Failure   Level  Hunger
 Ice Form                 Ice/Tmut       ###.....     38%         4    ####...
 Blade Hands              Tmut           ###.......   58%         5    #####..


Dungeon Overview and Level Annotations

Branches:
Dungeon (7/15)             Temple (0/1) D:4           Sewer (visited)

Altars:
Nemelex Xobeh
Qazlal
Ru
Zin

Annotations:
D:7 Joseph


Innate Abilities, Weirdness & Mutations

Your experience applies equally to all skills.
((You have very sharp teeth.))
Your uncanny sense of smell can sniff out nearby items.
((You have a pair of small horns on your head.))
You expend magic power (3 MP) to strengthen your wands.


Message History

You hit Joseph but do no damage.
Joseph looks as sick as possible!
Joseph is moderately wounded.
Joseph completely misses you.
You hit Joseph.
Joseph is heavily wounded.
You hit Joseph but do no damage.
Joseph looks as sick as possible!
Joseph is heavily wounded.
Joseph hits you with a +0 quarterstaff!
* * * LOW HITPOINT WARNING * * *
It was a potion of mutation.
You feel extremely strange.
You feel your magical essence link to the dungeon's wands.
A pair of horns grows on your head! Joseph completely misses you.
You hit Joseph but do no damage.
Joseph is heavily wounded.
Joseph completely misses you.
It was a potion of curing.
You feel better. Joseph hits you with a +0 quarterstaff!
You die...
Your body glows slightly and disappears.

# ###### # #....# #
#...<# #
#.#########....########
#.....s...............'
######@################
#g# # #g# # #g# # #..
###


You could see Joseph and 3 gnolls.

Vanquished Creatures
  A gargoyle (D:5)
  The ghost of glosham the Scratcher, an amateur FeBe of Trog (D:6)
  Sigmund (D:5)
  Eustachio (D:4)
  Edmund (D:4)
  A water moccasin (D:6)
  2 orc warriors (D:6)
  An ice beast (D:5)
  2 ogres
  3 centaurs
  A big kobold (Sewer)
  Blork the orc (D:4)
  2 bullfrogs (D:6)
  A scorpion (D:4)
  5 killer bees (D:7)
  2 howler monkeys
  2 crimson imps (D:5)
  Crazy Yiuf (D:2)
  4 orc priests
  A hound (D:7)
  2 centaur skeletons (D:6)
  5 orc wizards
  Natasha (thrice) (D:2)
  Terence (D:3)
  A worker ant (D:5)
  2 hound skeletons (D:5)
  2 gnolls
  4 adders
  2 river rats (D:4)
  2 shadow imps
  2 worms (D:2)
  An adder zombie (D:5)
  3 leopard geckos
  32 orcs
  3 giant cockroaches
  3 goblins
  6 hobgoblins
  3 bats
  4 frilled lizards
  15 kobolds
  A leopard gecko skeleton (D:4)
  10 rats
141 creatures vanquished.

Vanquished Creatures (collateral kills)
  An ogre (D:5)
  A giant cockroach (D:1)
  A frilled lizard (D:1)
3 creatures vanquished.

Vanquished Creatures (others)
  An orc (D:6)
1 creature vanquished.

Grand Total: 145 creatures vanquished

Notes
Turn   | Place    | Note
-------+----------+-------------------------------------------
     0 | D:1      | FishyPogo the Gnoll Transmuter began the quest for the Orb.
     0 | D:1      | Reached XP level 1. HP: 17/17 MP: 6/6
   193 | D:1      | You fall into a shaft and drop 1 floor!
   352 | D:1      | Reached XP level 2. HP: 14/23 MP: 5/7
   366 | D:1      | Learned a level 2 spell: Sticks to Snakes
   868 | D:2      | Noticed Natasha
   874 | D:2      | Killed Natasha
   874 | D:2      | Reached skill level 5 in Spellcasting
   874 | D:2      | Reached skill level 1 in Invocations
   874 | D:2      | Reached XP level 3. HP: 22/28 MP: 7/9
   883 | D:2      | Noticed Natasha
   888 | D:2      | Killed Natasha
   888 | D:2      | Reached skill level 1 in Short Blades
   888 | D:2      | Reached skill level 1 in Long Blades
   888 | D:2      | Reached skill level 1 in Axes
   888 | D:2      | Reached skill level 1 in Maces & Flails
   888 | D:2      | Reached skill level 1 in Polearms
   888 | D:2      | Reached skill level 1 in Staves
   888 | D:2      | Reached skill level 1 in Slings
   888 | D:2      | Reached skill level 1 in Bows
   888 | D:2      | Reached skill level 1 in Crossbows
   888 | D:2      | Reached skill level 1 in Throwing
   888 | D:2      | Reached skill level 1 in Armour
   888 | D:2      | Reached skill level 1 in Stealth
   888 | D:2      | Reached skill level 1 in Shields
   888 | D:2      | Reached skill level 1 in Evocations
   888 | D:2      | Reached XP level 4. HP: 28/34 MP: 8/11
   893 | D:2      | Learned a level 3 spell: Spider Form
   918 | D:2      | Noticed Natasha
   924 | D:2      | Killed Natasha
   924 | D:2      | Reached skill level 1 in Conjurations
   924 | D:2      | Reached skill level 1 in Hexes
   924 | D:2      | Reached skill level 1 in Charms
   924 | D:2      | Reached skill level 1 in Summonings
   924 | D:2      | Reached skill level 1 in Necromancy
   924 | D:2      | Reached skill level 1 in Translocations
   924 | D:2      | Reached skill level 1 in Fire Magic
   924 | D:2      | Reached skill level 1 in Ice Magic
   924 | D:2      | Reached skill level 1 in Air Magic
   924 | D:2      | Reached skill level 1 in Earth Magic
   924 | D:2      | Reached skill level 1 in Poison Magic
   977 | D:3      | Reached XP level 5. HP: 13/40 MP: 8/12
  1312 | D:2      | Found a sparkling altar of Nemelex Xobeh.
  1322 | D:2      | Became a worshipper of Nemelex Xobeh the Trickster
  1457 | D:2      | Found a glowing silver altar of Zin.
  1544 | D:2      | Received a gift from Nemelex Xobeh
  1638 | D:2      | Found a runed translucent door.
  1639 | D:2      | Noticed Crazy Yiuf
  1648 | D:2      | Killed Crazy Yiuf
  1826 | D:3      | Noticed Terence
  1844 | D:3      | Killed Terence
  1844 | D:3      | Reached XP level 6. HP: 47/47 MP: 10/13
  2129 | D:3      | Found a sacrificial altar of Ru.
  2189 | D:4      | Reached skill level 5 in Dodging
  2266 | D:4      | Reached * piety under Nemelex Xobeh
  2330 | D:4      | Noticed Blork the orc
  2376 | D:4      | Noticed Eustachio
  2391 | D:4      | Killed Eustachio
  2391 | D:4      | Reached XP level 7. HP: 50/52 MP: 12/15
  2407 | D:4      | Found a staircase to the Ecumenical Temple.
  2426 | D:4      | Found a glowing drain.
  2428 | D:4      | Noticed Edmund
  2444 | D:4      | Killed Edmund
  2444 | D:4      | Reached skill level 7 in Unarmed Combat
  2461 | Sewer    | Entered a sewer
  2499 | Sewer    | Received a gift from Nemelex Xobeh
  2556 | Sewer    | Found a white marble altar of Elyvilon.
  2760 | D:4      | Killed Blork the orc
  2873 | D:4      | Reached XP level 8. HP: 38/60 MP: 16/16
  3118 | D:5      | Entered Level 5 of the Dungeon
  3148 | D:5      | Noticed a gargoyle
  3150 | D:5      | Killed a gargoyle
  3345 | D:5      | Noticed Sigmund
  3368 | D:5      | Killed Sigmund
  3510 | D:5      | Received a gift from Nemelex Xobeh
  3633 | D:5      | Reached XP level 9. HP: 55/66 MP: 18/18
  3872 | D:6      | Reached skill level 5 in Transmutations
  3902 | D:6      | Reached ** piety under Nemelex Xobeh
  4118 | D:6      | Reached skill level 5 in Fighting
  4251 | D:6      | Received a gift from Nemelex Xobeh
  4292 | D:6      | Found a runed translucent door.
  4297 | D:6      | Noticed glosham's ghost (amateur FeBe)
  4320 | D:6      | Killed glosham's ghost
  4320 | D:6      | Reached skill level 8 in Unarmed Combat
  4546 | D:6      | Found a stormy altar of Qazlal.
  4633 | D:7      | Reached skill level 5 in Invocations
  4806 | D:7      | Received a gift from Nemelex Xobeh
  4843 | D:7      | Noticed Joseph
  4858 | D:7      | Gained mutation: You expend magic power (3 MP) to
                  | strengthen your wands. [potion of mutation]
  4858 | D:7      | Gained mutation: You have a pair of small horns on your
                  | head. [potion of mutation]
  4860 | D:7      | Slain by Joseph

Levels and vault maps discovered:
D:1:      dpeg_arrival_shelter, layout_basic
D:2:      layout_loops_cross, lemuel_doored_altar, lemuel_crystal_altar,
          first_ration, uniq_natasha, uniq_crazy_yiuf_cottage
D:3:      layout_rooms, nicolae_ru_path_of_blood, uniq_terence
D:4:      layout_loops_ring, temple_pool_b, portal_sewer_entry_a,
          grunt_tough_drop, uniq_eustachio, uniq_blork_the_orc, uniq_edmund
D:5:      layout_loops_ring, uniq_sigmund
D:6:      lemuel_upstairs_altar, layout_cave_pools,
          ebering_ghost_reflecting_pool
D:7:      layout_basic, tgw_trog, uniq_pikel, uniq_joseph

Skill      XL: |  1  2  3  4  5  6  7  8  9 |
---------------+----------------------------+-----
Spellcasting   | 5 6 |  6.9
Invocations    | 1 2 3 4 5 |  5.1
Short Blades   | 1 2 3 4 |  4.6
Long Blades    | 1 2 3 4 |  4.6
Axes           | 1 2 3 4 |  4.6
Maces & Flails | 1 2 3 4 |  4.6
Polearms       | 1 2 3 4 |  4.6
Staves         | 1 2 3 4 |  4.6
Slings         | 1 2 3 4 |  4.6
Bows           | 1 2 3 4 |  4.6
Crossbows      | 1 2 3 4 |  4.6
Throwing       | 1 2 3 4 |  4.6
Armour         | 1 2 3 4 |  4.6
Stealth        | 1 2 3 4 |  4.6
Shields        | 1 2 3 4 |  4.6
Evocations     | 1 2 3 4 |  4.6
Conjurations   | 1 2 3 |  3.8
Hexes          | 1 2 3 |  3.8
Charms         | 1 2 3 |  3.8
Summonings     | 1 2 3 |  3.8
Necromancy     | 1 2 3 |  3.8
Translocations | 1 2 3 |  3.8
Fire Magic     | 1 2 3 |  3.8
Ice Magic      | 1 2 3 |  3.8
Air Magic      | 1 2 3 |  3.8
Earth Magic    | 1 2 3 |  3.8
Poison Magic   | 1 2 3 |  3.8
Fighting       | 3 4 5 |  5.3
Transmutations | 4 5 |  5.4
Dodging        | 5 6 |  6.6
Unarmed Combat | 7 8 |  8.1

Action                   |  1- 3 |  4- 6 |  7- 9 || total
-------------------------+-------+-------+-------++-------
Melee: Short sword       |    59 |    22 |       ||    81
       Unarmed           |     8 |    43 |   152 ||   203
       Bite              |     5 |     3 |    15 ||    23
       Punch             |     1 |       |     1 ||     2
       Headbutt          |     4 |     2 |     5 ||    11
       Kick              |     2 |     1 |    15 ||    18
       Quarterstaff      |       |    34 |    79 ||   113
       Trident           |       |       |    53 ||    53
       Falchion          |       |       |     1 ||     1
Throw: Stone             |       |     2 |       ||     2
       Boomerang         |       |       |     2 ||     2
 Cast: Beastly Appendage |    10 |    13 |    14 ||    37
       Sticks to Snakes  |     1 |       |     1 ||     2
       Spider Form       |       |     7 |    14 ||    21
 Abil: Draw Destruction  |       |       |     2 ||     2
       Draw Escape       |       |       |     1 ||     1
Evoke: Wand              |       |       |     1 ||     1
  Use: Scroll            |       |     5 |       ||     5
       Potion            |       |       |     5 ||     5
 Stab: Sleeping          |     2 |     3 |     7 ||    12
       Paralysed         |       |       |     1 ||     1
  Eat: Chunk             |       |     5 |     9 ||    14
Armor: Robe              |    14 |     8 |     8 ||    30
       Skin              |       |     2 |     4 ||     6
       Leather armour    |       |       |    25 ||    25
Dodge: Dodged            |    47 |    68 |   231 ||   346
